 Dungeon Crawl Stone Soup version 0.22.1-2-g9c5b331 (webtiles) character file.

175 magicm the Chucker (level 5, -3/53 HPs)
             Began as an Ogre Hunter on Nov 14, 2018.
             Slain by Natasha (7 damage)
             ... on level 2 of the Dungeon.
             The game lasted 00:10:09 (2336 turns).

magicm the Chucker (Ogre Hunter)                    Turns: 2336, Time: 00:10:10

Health: -3/53      AC:  4    Str: 16    XL:     5   Next: 55%
Magic:  5/5        EV: 10    Int: 12    God:
Gold:   98         SH:  0    Dex: 10    Spells: 4/4 levels left

rFire    . . .     SeeInvis .   a - +0 short sword
rCold    . . .     Gourm    .   (no shield)
rNeg     . . .     Faith    .   i - +1 animal skin
rPois    .         Spirit   .   (helmet restricted)
rElec    .         Reflect  .   (no cloak)
rCorr    .         Harm     .   (gloves unavailable)
MR       .....                  (boots unavailable)
Stlth    +.........             (no amulet)
HPRegen  0.17/turn              (no ring)
MPRegen  0.09/turn              (no ring)

@: no status effects
A: large, unfitting armour, tough skin 1
a: no special abilities


You were on level 2 of the Dungeon.
You were not hungry.

You visited 1 branch of the dungeon, and saw 2 of its levels.

You collected 98 gold pieces.

Inventory:

Hand Weapons
 a - a +0 short sword (weapon)
Missiles
 e - 64 stones (quivered)
 g - a throwing net
Armour
 b - a +0 robe
 i - a +1 animal skin (worn)
Wands
 c - a wand of digging (7)
Potions
 h - a potion of haste {unknown}
Comestibles
 f - 2 rations


   Skills:
 + Level 3.3 Fighting
 + Level 0.7 Short Blades
 + Level 6.1 Throwing
 + Level 2.1 Dodging
 + Level 0.7 Stealth


You had 4 spell levels left.
You didn't know any spells.
Your spell library was empty.

Dungeon Overview and Level Annotations

Branches:
Dungeon (2/15)

Altars:
Ru
Sif Muna

Annotations:
D:2 Natasha


Innate Abilities, Weirdness & Mutations

You are too large for most types of armour.
You have tough skin. (AC +1)


Message History

* * * LOW HITPOINT WARNING * * *
Throwing (i - inventory. (/) - cycle)
e - 67 stones (quivered)
Press: ? - help, Shift-Dir - straight line, f/p - Natasha
Aim: Natasha You throw a stone.
The stone hits Natasha but does no damage.
Throwing (i - inventory. (/) - cycle)
e - 66 stones (quivered)
Press: ? - help, Shift-Dir - straight line, f/p - Natasha
Aim: Natasha You throw a stone.
The stone closely misses Natasha.
Natasha stares at you and mumbles some strange words.
The magic dart hits you!
* * * LOW HITPOINT WARNING * * *
Throwing (i - inventory. (/) - cycle)
e - 65 stones (quivered)
Press: ? - help, Shift-Dir - straight line, f/p - Natasha
Aim: Natasha You throw a stone.
The stone hits Natasha.
Natasha is lightly wounded.
Natasha claws you!
You die...

#########.# #####.# #.#
#.........# #.# #(# #.#########
#.# #.#### #.# #.###....# #.#
#........# ##.# #..#####.####
##..## #...........#
.#.#>###############..#####.##.##
......##........@h(...((..#.##...
.#.#.##...###########>###.#.##..#
...........## ##.###.#.....#
.#.#.##.....## ##...##.#.##.##
.†.....###.#.######.........##.#.
[#.#.#.###.........)...##.#.##..#
...........#.#####..#.###...##...
.#.#.#..............#.###...##.##
#.##.......#######.##..........##


You could see Natasha.

Vanquished Creatures
  Terence (D:2)
  Natasha (twice) (D:2)
  Robin (D:2)
  2 adders (D:2)
  3 worms (D:2)
  3 dart slugs
  A ball python (D:2)
  A bat (D:2)
  4 giant cockroaches
  14 goblins
  8 hobgoblins
  A jackal (D:2)
  A quokka (D:2)
  4 frilled lizards
  8 kobolds
  4 rats
58 creatures vanquished.

Notes
Turn   | Place    | Note
-------+----------+-------------------------------------------
     0 | D:1      | magicm the Ogre Hunter began the quest for the Orb.
     0 | D:1      | Reached XP level 1. HP: 22/22 MP: 1/1
    54 | D:1      | Reached XP level 2. HP: 26/29 MP: 2/2
   493 | D:1      | Reached XP level 3. HP: 37/37 MP: 3/3
   786 | D:2      | Found a deep blue altar of Sif Muna.
   798 | D:2      | Reached skill level 5 in Throwing
  1066 | D:2      | Noticed Natasha
  1074 | D:2      | Killed Natasha
  1074 | D:2      | Reached XP level 4. HP: 37/45 MP: 4/4
  1259 | D:2      | Noticed Terence
  1298 | D:2      | Killed Terence
  1371 | D:2      | Reached XP level 5. HP: 53/53 MP: 5/5
  1399 | D:2      | Found a sacrificial altar of Ru.
  1857 | D:2      | Noticed Robin
  1871 | D:2      | Killed Robin
  1871 | D:2      | Reached skill level 6 in Throwing
  2059 | D:2      | Noticed Natasha
  2193 | D:2      | Killed Natasha
  2319 | D:2      | Noticed Natasha
  2336 | D:2      | Slain by Natasha

Skill      XL: |  1  2  3  4  5 |
---------------+----------------+-----
Fighting       | 3 |  3.3
Throwing       | 5 6 |  6.1
Dodging        | 2 |  2.1
Short Blades   | |  0.7
Stealth        | |  0.7

Action                   |  1- 3 |  4- 6 || total
-------------------------+-------+-------++-------
Melee: Short sword       |    21 |     9 ||    30
Throw: Large rock        |    39 |    21 ||    60
       Throwing net      |     7 |     2 ||     9
       Stone             |    13 |   129 ||   142
  Use: Scroll            |     4 |     1 ||     5
       Potion            |       |     1 ||     1
 Stab: Held in net/web   |       |     1 ||     1
  Eat: Ration            |       |     2 ||     2
Armor: Robe              |    14 |    16 ||    30
       Animal skin       |       |     3 ||     3
Dodge: Dodged            |    14 |    37 ||    51
